 Dungeon Crawl Stone Soup version 0.27.0-1-g7a089689b8 (webtiles) character file.

Game seed: 6396501613936406530

2268 hofbold the Ducker (level 9, -2/66 HPs)
             Began as a Djinni Monk on Aug 2, 2021.
             Slain by a howler monkey zombie (3 damage)
             ... on level 7 of the Dungeon.
             The game lasted 00:13:56 (7928 turns).

hofbold the Ducker (Djinni Monk)                    Turns: 7928, Time: 00:13:57

Health: -2/66      AC: -6    Str: 10    XL:     9   Next: 65%
Gold:   1078       EV: 15    Int: 16    God:
                   SH:  0    Dex: 15

rFire    + + .     SeeInvis .   t - +0 halberd
rCold    x . .     Faith    .   (shield currently unavailable)
rNeg     . . .     Spirit   .   v - +0 steam dragon scales
rPois    ∞         Reflect  .   k - +2 helmet
rElec    .         Harm     .   (no cloak)
rCorr    .         Rampage  .   (no gloves)
Will     .....                  (boots unavailable)
Stlth    ++........             g - amulet of regeneration
HPRegen  1.21/turn              (no ring)
MPRegen  0.00/turn              (no ring)

@: about to teleport, corroded, flying
A: sickness immunity, fire resistance 2, cold vulnerability 1, float, innate
caster, hp casting, extra vitality 1
a: no special abilities


You were on level 7 of the Dungeon.
You visited 1 branch of the dungeon, and saw 7 of its levels.

You collected 1078 gold pieces.

Inventory:

Hand Weapons
 a - a +0 spear
 t - a +0 halberd (weapon)
Missiles
 d - a throwing net
 l - 8 javelins (quivered)
Armour
 k - a +2 helmet (worn)
 v - +0 steam dragon scales (worn)
Jewellery
 g - an amulet of regeneration (around neck)
Wands
 b - a wand of digging (5)
 i - a wand of flame (18)
Scrolls
 h - a scroll of magic mapping
 n - a scroll of enchant weapon
 r - a scroll of enchant armour
Potions
 c - 2 potions of mutation
 f - a potion of curing
 m - a potion of experience {unknown}
 o - 2 potions of might {unknown}
 p - a potion of degeneration {unknown}
 q - 2 potions of attraction {unknown}
 s - 2 potions of ambrosia {unknown}
 u - 2 potions of heal wounds {unknown}


   Skills:
 + Level 6.2 Fighting
 + Level 5.2 Polearms
 - Level 5.0 Armour
 + Level 6.9 Dodging
 - Level 1.5 Stealth
 + Level 4.0 Spellcasting


You had 6 spell levels left.
You knew the following spells:

 Your Spells              Type           Power      Damage    Failure   Level
a - Poisonous Vapours     Pois/Air       32%        N/A       4%          2
b - Beastly Appendage     Tmut           32%        N/A       3%          1
c - Dazzling Flash        Conj/Hex       32%        N/A       10%         3
d - Ice Form              Ice/Tmut       16%        N/A       32%         4
Your spell library was empty.

Dungeon Overview and Level Annotations

Branches:
Dungeon (7/15)
 Temple: D:4-7

Altars:
Fedhas

Annotations:
D:5 Dowan, Duvessa
D:6 Prince Ribbit


Innate Abilities, Weirdness & Mutations

You are immune to sickness and miasma.
You are immune to poison.
Your flesh is very heat resistant. (rF++)
You are vulnerable to cold. (rC-)
You float through the air rather than walking.
You learn spells naturally, not from books.
Your magical power is your life essence.
You have superior vitality. (+4 HP)


Message History

A killer bee zombie comes into view.
You hit the centaur.
You kill the centaur!
Your Spellcasting skill increases to level 4!
Prince Ribbit hits you but does no damage.
You fly upwards.
The orc warrior shouts!
An orc warrior and 2 rust devils come into view.
The orc warrior is wielding a +0 halberd and wearing the +5 chain mail of the Desolation of Salt {rCorr Str+3}.
The rust devil screeches! x2
The rust devil hits you. The rust devil corrodes you!
The orc warrior hits you with a +1 scimitar of holy wrath!
The rust devil hits you. The rust devil corrodes you!
Found a halberd, a war axe, a morningstar and a flail.
There is a stone staircase leading down here.
Prince Ribbit blinks!
The orc warrior barely misses you. The orc warrior misses you.
The rust devil hits you! The rust devil corrodes you!
Prince Ribbit blinks!
You fly downwards.
The killer bee zombie misses you. The killer bee zombie hits you!
The howler monkey zombie hits you. The killer bee zombie misses you.
There is a stone staircase leading up here.
As you read the scroll of teleportation, it crumbles to dust.
You feel strangely unstable.
The killer bee zombie closely misses you.
The orc warrior hits you with a +1 scimitar of holy wrath!
The howler monkey zombie hits you. The rust devil hits you!
* * * LOW HITPOINT WARNING * * *
The rust devil corrodes you! The killer bee zombie hits you.
* * * LOW HITPOINT WARNING * * *
The howler monkey zombie completely misses you.
The rust devil hits you!
* * * LOW HITPOINT WARNING * * *
The rust devil corrodes you!
Okay, then.
You feel better.
The orc warrior hits you with a +1 scimitar of holy wrath!
* * * LOW HITPOINT WARNING * * *
The howler monkey zombie hits you.
You die...

.. .#. ##.###### #. #..
#........ ######. ..
#........ ..?.[#.
#.######.....>.. #......
.... ..........
#......##.?# #.(......
#.........# #........
#......oZ# ######.....
#.....Z4@######..........
#......#..#.....####.....
#.[....##...##### ##....
#....>. #...### #.....
#...... #.....#####...##.
######.#..###.......#.##.
#...## ###...###....
...#######.....####
##.........###.####


You could see a rust devil, an orc warrior, a killer bee zombie and a howler
monkey zombie.

Vanquished Creatures
  Sigmund (D:5)
  Eustachio (D:3)
  A steam dragon (D:7)
  Menkaure (D:5)
  An orc warrior (D:6)
  A black bear (D:6)
  A necrophage (D:6)
  An ogre (D:4)
  A centaur (D:7)
  A phantom (D:5)
  A bullfrog (D:6)
  2 scorpions
  A howler monkey (D:6)
  A bullfrog zombie (D:5)
  4 orc priests
  4 hounds
  3 bullfrog skeletons (D:5)
  A centaur skeleton (D:4)
  A gnoll shaman (D:6)
  4 iguanas (D:6)
  7 orc wizards
  14 gnolls
  9 adders
  15 orcs
  9 endoplasms
  A giant cockroach (D:3)
  5 goblins
  4 hobgoblins
  11 jackals
  8 kobolds
  2 quokkas
  5 ball pythons
  3 bats
  3 frilled lizards
  4 rats
132 creatures vanquished.

Notes
Turn   | Place    | Note
-------+----------+-------------------------------------------
     0 | D:1      | hofbold the Djinni Monk began the quest for the Orb.
     0 | D:1      | Reached XP level 1. HP: 20/20 MP: 0/0
   121 | D:1      | Reached XP level 2. HP: 25/25 MP: 0/0
   276 | D:1      | Found a faded altar of an unknown god.
  1151 | D:2      | Reached XP level 3. HP: 30/30 MP: 0/0
  1151 | D:2      | Learned a level 1 spell: Beastly Appendage
  1196 | D:2      | Reached skill level 1 in Armour
  1783 | D:1      | Reached XP level 4. HP: 22/35 MP: 0/0
  1914 | D:2      | Reached skill level 1 in Spellcasting
  2845 | D:3      | Reached XP level 5. HP: 37/40 MP: 0/0
  2845 | D:3      | Learned a level 2 spell: Poisonous Vapours
  3396 | D:3      | Identified a scroll of acquirement
  3398 | D:3      | Acquired 782 gold pieces
  3936 | D:4      | Reached XP level 6. HP: 47/47 MP: 0/0
  4285 | D:4      | Noticed Eustachio
  5726 | D:3      | Killed Eustachio
  5727 | D:3      | Reached XP level 7. HP: 47/53 MP: 0/0
  5727 | D:3      | Learned a level 3 spell: Dazzling Flash
  5787 | D:5      | Entered Level 5 of the Dungeon
  5787 | D:5      | Noticed Sigmund
  5792 | D:5      | Killed Sigmund
  5793 | D:5      | Reached skill level 5 in Dodging
  5841 | D:5      | Reached XP level 8. HP: 53/58 MP: 0/0
  5880 | D:5      | Noticed Menkaure
  5901 | D:5      | Killed Menkaure
  5948 | D:5      | Found a blossoming altar of Fedhas.
  6016 | D:4      | Reached skill level 5 in Fighting
  6460 | D:5      | Noticed Duvessa
  6460 | D:5      | Noticed Dowan
  6653 | D:6      | Reached XP level 9. HP: 65/65 MP: 0/0
  6653 | D:6      | Learned a level 4 spell: Ice Form
  7339 | D:6      | Reached skill level 5 in Polearms
  7403 | D:6      | Reached skill level 5 in Armour
  7918 | D:7      | Noticed Prince Ribbit
  7923 | D:6      | Identified the +5 chain mail of the Desolation of Salt
                  | {rCorr Str+3}
  7923 | D:6      | Noticed a rust devil
  7923 | D:6      | Noticed a rust devil
  7927 | D:7      | HP: 1/66 [rust devil (11)]
  7928 | D:7      | Slain by a howler monkey zombie

Illustrated notes

Levels and vault maps discovered:
D:1:      psy_arrival_radial01, layout_basic,
          shapermc_ecumenical_altar_mp_ritualfount
D:2:      layout_basic, roderic_roman_lattice
D:3:      layout_loops_cross
D:4:      layout_loops_corners, minmay_misc_feat_more_columns,
          grunt_decor_fettered, uniq_eustachio
D:5:      layout_loops_cross, amcnicky_altar_gilded, minmay_misc_feat_x,
          uniq_sigmund, uniq_duvessa, uniq_menkaure
D:6:      cheibrodos_iron_armory, layout_basic, fountainhead,
          nicolae_zen_rock_garden
D:7:      layout_rooms, minmay_temple_entry_overgrown, uniq_prince_ribbit1

Skill      XL: |  1  2  3  4  5  6  7  8  9 |
---------------+----------------------------+-----
Armour         | 1 2 3 4 5 |  5.0
Spellcasting   | 1 2 3 4 |  4.0
Dodging        | 4 5 6 |  6.9
Polearms       | 3 4 5 |  5.2
Fighting       | 4 5 6 |  6.2
Stealth        | |  1.5

Action                   |  1- 3 |  4- 6 |  7- 9 || total
-------------------------+-------+-------+-------++-------
Melee: Spear             |   117 |   346 |       ||   463
       Headbutt          |     2 |     1 |       ||     3
       Halberd           |       |    11 |   279 ||   290
Throw: Dart              |       |    18 |     9 ||    27
       Javelin           |       |       |    20 ||    20
 Cast: Beastly Appendage |     6 |     1 |       ||     7
       Poisonous Vapours |       |     1 |    30 ||    31
       Dazzling Flash    |       |       |     6 ||     6
Evoke: Wand              |       |       |     8 ||     8
  Use: Scroll            |     3 |     6 |     7 ||    16
       Potion            |       |     1 |     2 ||     3
 Stab: Sleeping          |     2 |       |       ||     2
       Distracted        |       |       |     1 ||     1
       Invisible         |       |       |     2 ||     2
Armor: Ring mail         |    52 |   161 |   170 ||   383
       Robe              |     3 |       |       ||     3
       Skin              |       |    48 |       ||    48
       Steam dragon scal |       |       |     4 ||     4
Dodge: Dodged            |    93 |   267 |   263 ||   623
